 Dungeon Crawl Stone Soup version 0.26-a0-682-g294304f6e8 (webtiles) character file.

Game seed: 3089565990830258428

56 Kinoniko the Skirmisher (level 3, -3/41 HPs)
             Began as an Ogre Monk on Oct 21, 2020.
             Slain by a kobold
             ... wielding a +0 short sword
              (5 damage)
             ... on level 2 of the Dungeon.
             The game lasted 00:01:28 (1585 turns).

Kinoniko the Skirmisher (Ogre Monk)                 Turns: 1585, Time: 00:01:29

Health: -3/41      AC:  3    Str: 15    XL:     3   Next: 95%
Magic:  3/3        EV: 11    Int: 11    God:
Gold:   19         SH:  0    Dex: 12    Spells: 2/2 levels left

rFire    . . .     SeeInvis .   a - +0 mace
rCold    . . .     Faith    .   (no shield)
rNeg     . . .     Spirit   .   b - +0 robe
rPois    .         Reflect  .   (helmet restricted)
rElec    .         Harm     .   (no cloak)
rCorr    .         Rampage  .   (gloves unavailable)
MR       .....                  (boots unavailable)
Stlth    ++........             (no amulet)
HPRegen  0.13/turn              (no ring)
MPRegen  0.08/turn              (no ring)

@: lethally poisoned (-3 -> -5)
A: large, unfitting armour, tough skin 1
a: no special abilities


You were on level 2 of the Dungeon.
You visited 1 branch of the dungeon, and saw 2 of its levels.

You collected 19 gold pieces.

Inventory:

Hand Weapons
 a - a +0 mace (weapon)
Armour
 b - a +0 robe (worn)
Jewellery
 k - an uncursed ring of fire {unknown}
Scrolls
 e - 2 scrolls of enchant weapon {unknown}
 g - 2 scrolls of identify {unknown}
 h - 2 scrolls of amnesia {unknown}
 i - a scroll of remove curse {unknown}
 j - a scroll of noise {unknown}
 l - a scroll of immolation {unknown}
 m - a scroll of teleportation {unknown}
Potions
 c - a potion of might {unknown}
 d - 2 potions of curing {unknown}
 f - a potion of cancellation {unknown}


   Skills:
 * Level 4.9 Fighting
 * Level 3.4 Maces & Flails
 - Level 3.1 Dodging
 - Level 1.4 Stealth


You had 2 spell levels left.
You didn't know any spells.
Your spell library was empty.

Dungeon Overview and Level Annotations

Branches:
Dungeon (2/15)

Altars:


Innate Abilities, Weirdness & Mutations

You are too large for most types of armour.
You have tough skin. (AC +1)


Message History

You feel sick.
The kobold throws a stone.
The stone misses you.
You hit the ooze.
The ooze is moderately wounded.
The ooze hits you but does no damage.
You sock the ooze!
You kill the ooze!
* * * LOW HITPOINT WARNING * * *
You feel sick. The goblin hits you with a +0 club.
* * * LOW HITPOINT WARNING * * *
You sock the goblin!
You kill the goblin!
The goblin hits you but does no damage.
You barely miss the goblin. The goblin barely misses you.
You completely miss the goblin.
* * * LOW HITPOINT WARNING * * *
You feel sick. The goblin misses you.
You hit the goblin.
You kill the goblin!
The kobold hits you with a +0 short sword.
You die...

#....†.#
#....#
#....###
###....
#....# .....
#..###
###..#
#..#).. ..?
..#
#..###.###.#
#....#...w.#
#....###K# .
####...#@#
..#
###.#.#....#
#..(..#
#######


You could see a worm and a kobold.

Vanquished Creatures
  An adder (D:2)
  An ooze (D:2)
  A dart slug (D:1)
  A leopard gecko (D:1)
  8 bats
  4 giant cockroaches
  7 goblins
  4 hobgoblins (D:1)
  3 kobolds
  2 frilled lizards (D:1)
  3 rats
35 creatures vanquished.

Notes
Turn   | Place    | Note
-------+----------+-------------------------------------------
     0 | D:1      | Kinoniko the Ogre Monk began the quest for the Orb.
     0 | D:1      | Reached XP level 1. HP: 24/24 MP: 1/1
   179 | D:1      | Reached XP level 2. HP: 30/32 MP: 2/2
   924 | D:1      | Reached XP level 3. HP: 35/40 MP: 3/3
  1581 | D:2      | HP: 2/41 [goblin/+0 club (1)]
  1585 | D:2      | Slain by a kobold

Illustrated notes

Levels and vault maps discovered:
D:1:      beargit_arrival_greenhouse, layout_loops_ring
D:2:      layout_rooms, chequers_serial_rivers_room_b, minmay_quantized

Skill      XL: |  1  2 |
---------------+-------+-----
Dodging        | 3 |  3.1
Maces & Flails | 3 |  3.4
Fighting       | |  4.9
Stealth        | |  1.4

Action                   || total
-------------------------++-------
Melee: Mace              ||   123
Armor: Robe              ||    66
Dodge: Dodged            ||    83

Table legend: (Time is in decaauts)
 A = Elapsed time spent in this place.
 B = Non-inter-level travel time spent in this place.
 C = Inter-level travel time spent in this place.
 D = Time resting spent in this place.
 E = Time spent auto-exploring this place.
 F = Levels seen in this place.
 G = Mean time per level.
                   A        B        C        D        E       F      G
               +--------+--------+--------+--------+--------+-----+--------+
         Total |   1615 |   1574 |     41 |    287 |   1013 |   2 |  807.5 |
       Dungeon |   1615 |   1574 |     41 |    287 |   1013 |   2 |  807.5 |
               +--------+--------+--------+--------+--------+-----+--------+

Top non-repeatable levels by time:
     D:1: 1442 daAuts
     D:2: 172 daAuts
